 Dungeon Crawl Stone Soup version 0.17.0-25-gefc9c12 (webtiles) character file.

37 4thArraOfDagon the Insei (level 3, -7/17 HPs)
             Began as a Vine Stalker Transmuter on Nov 18, 2015.
             Killed from afar by an orc wizard (8 damage)
             ... with a magic dart
             ... on level 4 of the Dungeon.
             The game lasted 00:03:25 (657 turns).

4thArraOfDagon the Insei (Vine Stalker Transmuter)   Turns: 657, Time: 00:03:26

Health: -7/17      AC:  6    Str: 12    XL:     3   Next: 41%
Magic:  0/7        EV: 10    Int: 19    God:
Gold:   68         SH:  0    Dex: 14    Spells: 1 memorised, 5 levels left

rFire  . . .     SeeInvis .       - Unarmed
rCold  . . .     Clarity  .     k - +0 ring mail
rNeg   + . .     SustAt   .     (no shield)
rPois  .         Gourm    .     (no helmet)
rElec  .         Spirit   +     (no cloak)
rCorr  .         Warding  .     (no gloves)
rMut   .         Stasis   .     j - +0 pair of boots
MR     .....                    (no amulet)
Stlth  +.........               (no ring)
                                p - ring of positive energy

@: brilliant, not resistant to hostile enchantments, very unstealthy
A: fangs 2, regeneration 1, magic shield, antimagic bite, no device heal 3, rot
immunity
a: no special abilities


You were on level 4 of the Dungeon.
You were not hungry.

You visited 1 branch of the dungeon, and saw 4 of its levels.

You collected 68 gold pieces.

Inventory:

Missiles
 a - 12 arrows
Armour
 j - a +0 pair of boots (worn)
 k - a +0 ring mail (worn)
Jewellery
 p - a ring of positive energy (left hand)
Scrolls
 e - 2 scrolls of magic mapping {unknown}
 f - 3 scrolls of remove curse {unknown}
 l - 2 scrolls of identify {unknown}
 q - a scroll of teleportation {unknown}
Potions
 b - a potion of lignification {unknown}
 h - 2 potions of curing {unknown}
 m - a potion of resistance {unknown}
Books
 c - a book of Changes

   Spells                             Type                      Level
   a - Beastly Appendage              Transmutation                1
   b - Sticks to Snakes               Transmutation                2
   c - Spider Form                    Transmutation/Poison         3
   d - Ice Form                       Ice/Transmutation            4
   e - Blade Hands                    Transmutation                5
 n - a book of Death

   Spells                             Type                      Level
   a - Corpse Rot                     Necromancy                   2
   b - Sublimation of Blood           Necromancy                   2
   c - Agony                          Necromancy                   5
   d - Dispel Undead                  Necromancy                   5
   e - Excruciating Wounds            Charms/Necromancy            5
   f - Bolt of Draining               Conjuration/Necromancy       5
Comestibles
 d - 3 bread rations
 g - a slice of pizza
 o - a meat ration


   Skills:
 - Level 0.8 Fighting
 - Level 1.5 Dodging
 * Level 4.3 Unarmed Combat
 - Level 2.1 Spellcasting
 - Level 2.0 Transmutations


You had 5 spell levels left.
You knew the following spells:

 Your Spells              Type           Power        Failure   Level  Hunger
a - Beastly Appendage     Trmt           ###...       2%          1    #......


Dungeon Overview and Level Annotations

Branches:
Dungeon (4/15)
 Temple: D:4-7

Altars:


Innate Abilities, Weirdness & Mutations

You have extremely sharp teeth.
Your natural rate of healing is unusually fast.
When hurt, damage is shared between your health and your magic reserves.
Your bite disrupts and absorbs the magic of your enemies.
Potions and wands cannot restore your health.
You are immune to rotting.


Message History

You hit the orc wizard. Your bite misses the orc wizard.
The orc wizard is lightly wounded.
The orc wizard hits you but does no damage.
You barely miss the orc wizard.
You bite the orc wizard, but do no damage.
The orc wizard is lightly wounded.
The orc wizard casts a spell at you. The magic dart hits you!
* * * LOW HITPOINT WARNING * * *
Unknown command.
You closely miss the orc wizard.
You punch the orc wizard, but do no damage.
Your bite misses the orc wizard.
The orc wizard is lightly wounded.
The orc wizard points at you and mumbles some strange words.
The magic dart hits you!
* * * LOW HITPOINT WARNING * * *
The orc wizard points at you and mumbles some strange words.
The magic dart hits you!
You die...

####### ### #......
..#### #......#### .....
#......@oo##### ...#
#......##.....###..#
##...%.. #####......##
.....#####...........###
#...........#.........#
####.....######....##...
# #..#.....#..#......#
##
#..#..#..#..#).#o.....#
#....o≈..#..≈.........#


You could see an orc wizard and an orc.

Vanquished Creatures
  An adder (D:2)
  A giant gecko (D:3)
  3 orcs
  2 goblins
  3 hobgoblins
  3 jackals (D:2)
  A quokka (D:2)
  2 bats
  A giant newt (D:3)
  5 kobolds
  2 rats
24 creatures vanquished.

Notes
Turn   | Place    | Note
--------------------------------------------------------------
     0 | D:1      | 4thArraOfDagon the Vine Stalker Transmuter began the quest for the Orb.
     0 | D:1      | Reached XP level 1. HP: 9/9 MP: 4/4
   150 | D:1      | Reached XP level 2. HP: 6/14 MP: 4/6
   357 | D:2      | Reached skill level 4 in Unarmed Combat
   450 | D:2      | Reached XP level 3. HP: 17/17 MP: 7/7
   657 | D:4      | Killed from afar by an orc wizard

Action                   || total
-------------------------++-------
Melee: Unarmed           ||    87
  Use: Potion            ||     1
